 Dungeon Sprint DCSS version 0.26-a0-707-g31817bcca1 (webtiles) character file.

Game seed: 7681053290405671574

81 sahdkjhfkaj the Caller (level 4, -2/28 HPs)
             Began as a Tengu Summoner on Oct 26, 2020.
             Slain by a nameless horror (8 damage)
             ... created by miscasting Summon Lightning Spire
             ... in the Dungeon (Sprint IX: "|||||||||||||||||||||||||||||").
             The game lasted 00:01:17 (573 turns).

sahdkjhfkaj the Caller (Tengu Summoner)              Turns: 573, Time: 00:01:17

Health: -2/28      AC:  2    Str:  9    XL:     4   Next: 40%
Magic:  0/11       EV: 14    Int: 16    God:
Gold:   0          SH:  0    Dex: 14    Spells: 7/12 levels left

rFire    . . .     SeeInvis .   b - +0 dagger
rCold    . . .     Faith    .   (no shield)
rNeg     . . .     Spirit   .   a - +0 robe
rPois    .         Reflect  .   (helmet restricted)
rElec    .         Harm     .   (no cloak)
rCorr    .         Rampage  .   (no gloves)
MR       .....     NoTele   +   (boots unavailable)
Stlth    ++........             (no amulet)
HPRegen  0.09/turn              (no ring)
MPRegen  0.12/turn              (no ring)

@: hasted, very quick
A: beak, talons 3
a: no special abilities


You were in the Dungeon.
You visited 1 branch

Inventory:

Hand Weapons
 b - a +0 dagger (weapon)
Armour
 a - a +0 robe (worn)
Scrolls
 h - a scroll of blinking {!r}
Potions
 f - 2 potions of magic {!q}


   Skills:
 + Level 3.0 Fighting
 + Level 4.2 Dodging
 - Level 2.0 Stealth
 * Level 4.7 Spellcasting
 * Level 7.5 Summonings


You had 7 spell levels left.
You knew the following spells:

 Your Spells              Type           Power        Failure   Level
a - Summon Small Mammal   Summ           ####         1%          1
e - Summon Lightning Spi  Summ/Air       ###.....     32%         4

Your spell library contained the following spells:

 Spells                   Type           Power        Failure   Level
 Call Imp                 Summ           ####....     1%          2
 Call Canine Familiar     Summ           ####....     1%          3
 Summon Guardian Golem    Hex/Summ       ###.....     10%         3
 Summon Ice Beast         Ice/Summ       ###.....     32%         4


Dungeon Overview and Level Annotations

Branches:
Dungeon (1/1)

Altars:


Innate Abilities, Weirdness & Mutations

You have a beak for a mouth.
You have claws for feet.


Message History

The nameless horror hits you.
* * * LOW HITPOINT WARNING * * *
Your magical contamination has completely faded away.
You hit the nameless horror but do no damage.
The nameless horror is severely damaged.
The nameless horror completely misses you.
Unknown command.
You hit the nameless horror but do no damage.
You peck the nameless horror, but do no damage.
The nameless horror is severely damaged.
The nameless horror completely misses you.
Unknown command.
You hit the nameless horror but do no damage.
The nameless horror is severely damaged.
Unknown command.
You hit the nameless horror but do no damage.
You claw the nameless horror, but do no damage.
The nameless horror is severely damaged.
The nameless horror hits you!
You die... ▓▓▓▓▓▓▓▓▓▓▓▓▓▓▓▓▓▓ +...@X).....)...<▓ ▓▓▓▓▓▓▓▓▓▓▓▓▓▓▓▓▓▓

You could see a nameless horror.

Vanquished Creatures
  A hound (D)
  An orc priest (D)
  A shadow imp (D)
  An ufetubus (D)
  A bat skeleton (D)
  A goblin (D)
6 creatures vanquished.

Vanquished Creatures (collateral kills)
  3 goblins (D)
  A rat (D)
4 creatures vanquished.

Grand Total: 10 creatures vanquished

Notes
Turn   | Place    | Note
-------+----------+-------------------------------------------
     0 | D        | sahdkjhfkaj the Tengu Summoner began the quest for the Orb.
     0 | D        | Reached XP level 1. HP: 10/10 MP: 4/4
     5 | D        | Reached skill level 5 in Summonings
    21 | D        | Reached skill level 1 in Fighting
   289 | D        | Noticed an orc priest
   289 | D        | Noticed a hound
   308 | D        | Killed a hound
   308 | D        | Reached skill level 6 in Summonings
   308 | D        | Reached XP level 2. HP: 17/17 MP: 1/7
   308 | D        | Reached XP level 3. HP: 21/21 MP: 1/9
   315 | D        | Reached skill level 7 in Summonings
   315 | D        | Reached XP level 4. HP: 22/28 MP: 2/11
   384 | D        | Learned a level 4 spell: Summon Lightning Spire
   542 | D        | Noticed a nameless horror
   573 | D        | Slain by a nameless horror

Illustrated notes

Levels and vault maps discovered:
D:        linesprint [early_d, line_temple, items_1, d_10, items_2, lair_1,
          lair_end, items_3, orc_1, orc_end, items_4, d_15, swamp_1, shoals_1,
          snake_1, spider_1, d_20, vaults_1, items_5, swamp_end, shoals_end,
          snake_end, spider_end, vaults_end, d_27, items_6, zot_1, zot_end,
          crypt_end, forest_end, elf_end, slime_end, tomb_end, abyss_end,
          pan_hell_end]

Skill      XL: |  1  2  3 |
---------------+----------+-----
Summonings     | 6 7 |  7.5
Fighting       | 2 3 |  3.0
Dodging        | 3 4 |  4.2
Spellcasting   | 3 4 |  4.7
Stealth        | |  2.0

Action                   |  1- 3 |  4- 6 || total
-------------------------+-------+-------++-------
Melee: Unarmed           |     4 |       ||     4
       Dagger            |     7 |    26 ||    33
       Kick              |     4 |    11 ||    15
       Peck              |     2 |     8 ||    10
 Cast: Summon Small Mamm |     8 |       ||     8
       Summon Lightning  |       |     1 ||     1
  Use: Potion            |     2 |     2 ||     4
Dodge: Dodged            |     7 |    10 ||    17

Table legend: (Time is in decaauts)
 A = Elapsed time spent in this place.
 B = Non-inter-level travel time spent in this place.
 C = Inter-level travel time spent in this place.
 D = Time resting spent in this place.
 E = Time spent auto-exploring this place.
 F = Levels seen in this place.
 G = Mean time per level.
                   A        B        C        D        E       F      G
               +--------+--------+--------+--------+--------+-----+--------+
         Total |    572 |    572 |      0 |    483 |      0 |   1 |  572.0 |
       Dungeon |    572 |    572 |      0 |    483 |      0 |   1 |  572.0 |
               +--------+--------+--------+--------+--------+-----+--------+

Top non-repeatable levels by time:
       D: 572 daAuts
